 Dungeon Crawl Stone Soup version 0.31-a0-150-g89dc3ad700 (webtiles) character file.

Game seed: 205625450018476341

14480 qw the Skirmisher (level 12, -14/77 HPs)
             Began as a Gargoyle Hunter on June 8, 2023.
             Was a High Priest of Okawaru.
             Killed by divine providence
             ... invoked by a meliai
              (16 damage)
             ... on level 2 of the Lair of Beasts.
             The game lasted 00:05:04 (10160 turns).

qw the Skirmisher (Gargoyle Hunter)                Turns: 10160, Time: 00:05:04

Health: -14/77     AC: 24    Str: 15    XL:     12   Next: 17%
Magic:  18/18      EV: 18    Int: 11    God:    Okawaru [*****.]
Gold:   693        SH:  5    Dex: 17    Spells: 11/11 levels left

rFire   . . .        q - +2 arbalest (freeze)
rCold   . . .        (shield currently unavailable)
rNeg    + . .        a - +2 robe {Archmagi}
rPois   inf          (no helmet)
rElec   +            b - scarf {repulsion}
rCorr   .            o - +2 pair of gloves
SInv    .            h - +2 pair of boots
Will    +....        e - amulet of reflection
Stlth   +++          Y - ring of willpower
HPRegen 0.32/turn    n - +4 ring of protection
MPRegen 0.16/turn

%: repel missiles, reflection, archmagi
@: about to teleport, heroic
A: sickness immunity, AC +8, negative energy resistance 1, electricity
resistance, torment resistance 1, petrification resistance
a: Renounce Religion, Heroism, Finesse, Duel


You were on level 2 of the Lair of Beasts.
You worshipped Okawaru.
Okawaru was extremely pleased with you.
You visited 3 branches of the dungeon, and saw 13 of its levels.

You collected 693 gold pieces.


Innate Abilities, Weirdness & Mutations

You are immune to sickness and miasma.
Your stone body is resilient. (AC +8)
You are immune to poison.
You resist negative energy. (rN+)
You are resistant to electric shocks. (rElec)
You are resistant to unholy torment.
You are immune to petrification.


   Skills:
 - Level 10.1(15.1) Fighting
 + Level 14.4(19.4) Ranged Weapons
 - Level 2.0(7.0) Armour
 - Level 5.0(10.0) Dodging
 - Level 1.1(6.1) Stealth
 + Level 8.9 Invocations


You had 11 spell levels left.
You didn't know any spells.
Your spell library was empty.

Inventory:

Hand Weapons
 q - a +2 arbalest of freezing (weapon)
Armour
 a - a +2 robe of the Archmagi (worn)
 b - a scarf of repulsion (worn)
 h - a +2 pair of boots (worn)
 o - a +2 pair of gloves (worn)
Jewellery
 e - an amulet of reflection (around neck)
 l - a ring of ice
 n - a +4 ring of protection (right hand)
 Y - a ring of willpower (left hand)
Scrolls
 c - 4 scrolls of identify
 f - 10 scrolls of teleportation
 p - a scroll of enchant armour
Potions
 d - 3 potions of might
 g - 2 potions of curing
 i - 2 potions of resistance
 j - a potion of heal wounds
 m - a potion of cancellation

Dungeon Overview and Level Annotations

Branches:
Dungeon (10/15)            Temple (1/1) D:4            Lair (2/5) D:10
    Orc (0/2) D:9
  Swamp: Lair:2-3    Shoals: Lair:2-3     Snake: Lair:2-3    Spider: Lair:2-3

Altars:
Ashenzari
Cheibriados
Dithmenos
Elyvilon
Fedhas
Gozag
Hepliaklqana
Kikubaaqudgha
Makhleb
Nemelex Xobeh
Okawaru
Qazlal
Ru
Sif Muna
Trog
Uskayaw
Vehumet
Wu Jian
Xom
Yredelemnul
Zin
The Shining One

Shops:
D:3 (   D:9 *

Annotations:
D:7 3 runed translucent doors, qw's ghost, novice GrFi
Lair:2 Gastronok


Message History

You shoot a bolt. The bolt barely misses the meliai.
The killer bee stings you but does no damage.
The meliai closely misses you.
The meliai stings you but does no damage.
The killer bee stings you but does no damage.
The killer bee misses you.
The meliai calls down the wrath of its god upon you.
Something smites you! The killer bee misses you.
Gastronok chants a spell, wobbling all the while.
You shoot a bolt. The bolt hits the meliai!!
The bolt freezes the meliai!
The meliai is almost dead.
The killer bee completely misses you. The meliai misses you.
The meliai stings you but does no damage.
The killer bee misses you.
The meliai invokes the aid of its god against you.
Something smites you! The killer bee completely misses you.
The killer bee misses you.
You shoot a bolt. The bolt completely misses the meliai.
The killer bee misses you. The meliai barely misses you.
The meliai stings you but does no damage.
The killer bee closely misses you. x3
The meliai calls down the wrath of its god upon you.
Something smites you!
You shoot a bolt. The bolt closely misses the meliai.
You block the killer bee's attack.
The meliai calls down the wrath of its god upon you.
Something smites you!
The killer bee stings you but does no damage. x2
The meliai mumbles some strange prayers to its god against you.
Something smites you!
The killer bee stings you but does no damage.
10160 ||| READING 11 scrolls of teleportation.
As you read the scroll of teleportation, it crumbles to dust.
You feel strangely unstable. The killer bee completely misses you.
The meliai closely misses you. The meliai misses you.
The killer bee barely misses you. You block the killer bee's attack.
The killer bee completely misses you.
The meliai calls down the wrath of its god upon you.
Something smites you!
You die...

P####.###..P.........#
..# ##..##..........##
..#####...#.........#
#...#PP...P........##
....................#
..........P......####
..........P......#
....###.........##
...## #....<.###@#
####
###......yyyw.....
#.......br......
#...............
#..P#............
..................
...............#..
...................


You could see Gastronok, a meliai, 2 killer bees, a quokka (summoned) and a bat
(summoned).

Vanquished Creatures
  A hydra (Lair:2)
  2 black mambas
  A torpor snail (D:10)
  2 cane toads
  A kobold demonologist (D:10)
  2 polar bears (Lair:1)
  12 blink frogs (Lair:1)
  A hornet (D:10)
  3 dream sheep
  Sigmund (D:6)
  A shadow (D:9)
  19 yaks
  A wraith (D:9)
  A wyvern (D:9)
  2 basilisks (Lair:1)
  2 steam dragons
  A two-headed ogre zombie (D:9)
  4 water moccasins
  A black bear (D:6)
  An ice beast (D:7)
  4 orc warriors
  An ogre (D:5)
  3 centaurs
  2 phantoms
  A kobold brigand (D:9)
  8 bullfrogs
  2 gnoll sergeants (D:6)
  6 scorpions
  4 wights (D:6)
  6 killer bees (D:9)
  3 troll zombies (D:9)
  A howler monkey (D:5)
  2 electric eels (D:6)
  2 gnoll boudas (D:6)
  3 orc priests
  13 hounds
  A jelly (D:4)
  2 sleepcaps (D:6)
  9 iguanas
  6 orc wizards
  Natasha (D:3)
  4 ogre zombies (D:9)
  25 gnolls
  2 adders (D:3)
  A shadow imp (D:7)
  5 white imps
  3 worms
  2 dart slugs (D:3)
  15 orcs
  5 endoplasms
  4 giant cockroaches
  9 goblins
  5 hobgoblins
  8 jackals
  A quokka (D:2)
  4 ball pythons
  3 bats
  A frilled lizard (D:1)
  4 goblin zombies (D:9)
  A hobgoblin skeleton (D:9)
  5 hobgoblin zombies (D:9)
  14 kobolds
  2 orc skeletons (D:9)
  13 orc zombies (D:9)
  4 rats
279 creatures vanquished.

Vanquished Creatures (others)
  A water moccasin (Lair:1)
1 creature vanquished.

Grand Total: 280 creatures vanquished

Notes
Turn   | Place    | Note
-------+----------+-------------------------------------------
     0 | D:1      | qw the Gargoyle Hunter began the quest for the Orb.
     0 | D:1      | Reached XP level 1. HP: 12/12 MP: 1/1
     0 | D:1      | 0 ||| qw: Version: 0.2-a-120-gdf1a93b
     0 | D:1      | 0 ||| qw: Game counter: 2968
     0 | D:1      | 0 ||| qw: Always use a shield: true
     0 | D:1      | 0 ||| qw: God list: Okawaru
     0 | D:1      | 0 ||| qw: Allow faded altars: false
     0 | D:1      | 0 ||| qw: Do Orc after D:15 true
     0 | D:1      | 0 ||| qw: Do second Lair branch before Depths: true
     0 | D:1      | 0 ||| qw: Lair rune preference: random
     0 | D:1      | 0 ||| qw: Plans: Normal
     0 | D:1      | 0 ||| PLANNING D:1-11
   259 | D:1      | Reached XP level 2. HP: 17/17 MP: 2/2
   722 | D:1      | Found a faded altar of an unknown god.
   776 | D:1      | 776 ||| READING scroll labelled KANLUA EZUFF.
   777 | D:1      | 777 ||| READING 2 scrolls labelled AWAFISSANU.
   780 | D:1      | 780 ||| READING scroll labelled DULUTRAPRE.
   780 | D:1      | Identified a scroll of acquirement
   780 | D:1      | 780 ||| ACQUIRING +2 robe of the Archmagi
   780 | D:1      | Acquired a +2 robe of the Archmagi
   782 | D:1      | 782 ||| UPGRADING to +2 robe of the Archmagi.
   792 | D:1      | 792 ||| DROPPING +0 leather armour.
   793 | D:1      | 793 ||| READING scroll labelled TIDUOCASIT.
   894 | D:1      | 894 ||| DRINKING 2 sapphire potions.
   928 | D:1      | 928 ||| DRINKING 2 bubbling purple potions.
   929 | D:1      | 929 ||| DROPPING scroll of butterflies.
   930 | D:1      | 930 ||| DROPPING potion of lignification.
  1190 | D:2      | Reached XP level 3. HP: 21/21 MP: 3/3
  1197 | D:2      | Reached skill level 5 in Ranged Weapons
  1806 | D:2      | 1806 ||| UPGRADING to scarf of repulsion.
  1811 | D:2      | 1811 ||| UPGRADING to +2 pair of boots.
  1816 | D:2      | 1816 ||| READING 3 scrolls labelled MOKEBIJ TISKYSAO.
  1817 | D:2      | 1817 ||| READING scroll labelled NUESEI REMAH.
  1818 | D:2      | 1818 ||| READING scroll labelled WYCHUE ACEATA.
  1819 | D:2      | 1819 ||| READING scroll labelled ZEDICIGR YNNU.
  1820 | D:2      | 1820 ||| READING scroll labelled ISEANA ROTWUSM.
  1821 | D:2      | 1821 ||| READING 2 scrolls of identify.
  1821 | D:2      | 1821 ||| IDENTIFYING inky potion
  1893 | D:3      | Reached skill level 3 in Fighting
  2007 | D:3      | Reached XP level 4. HP: 28/28 MP: 4/4
  2045 | D:3      | Found Gudiz's Weapon Emporium.
  2246 | D:3      | Found a bloodstained altar of Trog.
  2337 | D:3      | Noticed Natasha
  2340 | D:3      | 2340 ||| Stepping ~*~*~tactically~*~*~ (outnumbered).
  2348 | D:3      | Killed Natasha
  2439 | D:3      | Found a hide-covered altar of Uskayaw.
  2688 | D:3      | 2688 ||| UPGRADING to amulet of reflection.
  2693 | D:3      | 2693 ||| READING scroll labelled XAEGEUNAOV.
  2718 | D:4      | 2718 ||| Stepping ~*~*~tactically~*~*~ (outnumbered).
  2732 | D:4      | Reached XP level 5. HP: 32/32 MP: 5/5
  2768 | D:4      | Found a staircase to the Ecumenical Temple.
  2769 | D:4      | 2769 ||| PLANNING TEMPLE
  2776 | Temple   | Entered the Ecumenical Temple
  2777 | Temple   | 2777 ||| PLANNING OKAWARU WORSHIP
  2840 | Temple   | Became a worshipper of Warmaster Okawaru
  2840 | Temple   | 2840 ||| PLANNING D:1-11
  2885 | D:4      | Reached skill level 6 in Ranged Weapons
  3613 | D:4      | 3613 ||| READING scroll labelled HUQ USIENAIHI.
  3635 | D:4      | 3635 ||| READING 2 scrolls of identify.
  3635 | D:4      | 3635 ||| IDENTIFYING amethyst potion
  3654 | D:5      | Entered Level 5 of the Dungeon
  3674 | D:5      | Reached XP level 6. HP: 38/38 MP: 6/6
  3747 | D:5      | Reached skill level 7 in Ranged Weapons
  3791 | D:5      | Reached * piety under Okawaru
  3792 | D:5      | Reached XP level 7. HP: 42/43 MP: 7/7
  3799 | D:5      | 3799 ||| READING 3 scrolls of enchant weapon.
  3799 | D:5      | 3799 ||| ENCHANTING +1 shortbow.
  3800 | D:5      | 3800 ||| READING 2 scrolls of enchant weapon.
  3800 | D:5      | 3800 ||| ENCHANTING +2 shortbow.
  3801 | D:5      | 3801 ||| READING scroll of enchant weapon.
  3801 | D:5      | 3801 ||| ENCHANTING +3 shortbow.
  3873 | D:5      | Reached skill level 1 in Invocations
  4250 | D:5      | 4250 ||| DROPPING +0 robe of willpower.
  4251 | D:5      | 4251 ||| UPGRADING to +2 pair of gloves.
  4256 | D:5      | 4256 ||| DROPPING amulet of regeneration.
  4257 | D:5      | 4257 ||| DRINKING 2 sedimented inky potions.
  4258 | D:5      | 4258 ||| DROPPING potion of brilliance.
  4316 | D:6      | Reached skill level 1 in Armour
  4316 | D:6      | Reached skill level 3 in Invocations
  4332 | D:6      | 4332 ||| READING scroll of enchant weapon.
  4332 | D:6      | 4332 ||| ENCHANTING +4 shortbow.
  4376 | D:6      | Reached skill level 8 in Ranged Weapons
  4376 | D:6      | Reached XP level 8. HP: 48/48 MP: 10/10
  4474 | D:6      | Reached ** piety under Okawaru
  4541 | D:6      | 4541 ||| INVOKING Heroism.
  4547 | D:6      | 4547 ||| Stepping ~*~*~tactically~*~*~ (outnumbered).
  4580 | D:6      | 4580 ||| FLEEEEING.
  4581 | D:6      | 4581 ||| FLEEEEING.
  4582 | D:6      | 4582 ||| FLEEEEING.
  4583 | D:6      | 4583 ||| FLEEEEING.
  4584 | D:6      | 4584 ||| FLEEEEING.
  4585 | D:6      | 4585 ||| FLEEEEING.
  4586 | D:6      | 4586 ||| FLEEEEING.
  4587 | D:6      | 4587 ||| FLEEEEING.
  4588 | D:6      | 4588 ||| FLEEEEING.
  4589 | D:6      | 4589 ||| FLEEEEING.
  4590 | D:6      | 4590 ||| FLEEEEING.
  4591 | D:6      | 4591 ||| FLEEEEING.
  4592 | D:6      | 4592 ||| FLEEEEING.
  4593 | D:6      | 4593 ||| STAIRDANCE
  4611 | D:5      | 4611 ||| READING 2 scrolls of identify.
  4611 | D:5      | 4611 ||| IDENTIFYING viscous clear potion
  4612 | D:5      | 4612 ||| DROPPING potion of berserk rage.
  4616 | D:6      | Reached skill level 9 in Ranged Weapons
  4618 | D:6      | 4618 ||| STAIRDANCE
  4642 | D:6      | 4642 ||| STAIRDANCE
  4662 | D:6      | 4662 ||| INVOKING Heroism.
  4737 | D:6      | Reached skill level 6 in Fighting
  4749 | D:6      | 4749 ||| INVOKING Heroism.
  4879 | D:6      | Reached XP level 9. HP: 55/55 MP: 12/12
  4897 | D:6      | 4897 ||| INVOKING Heroism.
  4921 | D:6      | Reached skill level 10 in Ranged Weapons
  4922 | D:6      | 4922 ||| INVOKING Heroism.
  4980 | D:6      | Reached skill level 3 in Dodging
  5037 | D:6      | 5037 ||| INVOKING Heroism.
  5064 | D:6      | Noticed Sigmund
  5065 | D:6      | 5065 ||| INVOKING Heroism.
  5068 | D:6      | Killed Sigmund
  5203 | D:6      | 5203 ||| Stepping ~*~*~tactically~*~*~ (outnumbered).
  5249 | D:6      | Found a sacrificial altar of Ru.
  5297 | D:6      | 5297 ||| UPGRADING to ring of willpower.
  5298 | D:6      | 5298 ||| UPGRADING to ring of willpower.
  5299 | D:6      | 5299 ||| READING 2 scrolls of identify.
  5299 | D:6      | 5299 ||| IDENTIFYING glowing coppery potion
  5477 | D:7      | 5477 ||| INVOKING Heroism.
  5640 | D:7      | 5640 ||| SWAPPING to +0 orcbow.
  5641 | D:7      | 5641 ||| DROPPING +5 shortbow.
  5743 | D:7      | 5743 ||| INVOKING Heroism.
  5753 | D:7      | 5753 ||| Stepping ~*~*~tactically~*~*~ (cloud).
  5935 | D:7      | Reached skill level 11 in Ranged Weapons
  5990 | D:7      | Found a runed translucent gate.
  5990 | D:7      | Found a runed translucent gate.
  5990 | D:7      | Found a runed translucent gate.
  5991 | D:7      | Found an opulent altar of Gozag.
  5995 | D:7      | Found a blossoming altar of Fedhas.
  6188 | D:7      | Noticed qw's ghost (novice GrFi)
  6189 | D:7      | Noticed a cyclops
  6277 | D:7      | 6277 ||| READING 2 scrolls labelled OFYOWE GEPO.
  6278 | D:7      | 6278 ||| READING scroll of brand weapon.
  6278 | D:7      | 6278 ||| BRANDING +0 orcbow of flaming.
  6279 | D:7      | 6279 ||| DRINKING 2 silvery potions.
  6280 | D:7      | 6280 ||| DRINKING 3 potions of curing.
  6280 | D:7      | 6280 ||| (to cure confusion)
  6281 | D:7      | 6281 ||| READING 2 scrolls of identify.
  6281 | D:7      | 6281 ||| IDENTIFYING metallic blue potion
  6282 | D:7      | 6282 ||| DROPPING potion of ambrosia.
  6305 | D:8      | Found a burning altar of Makhleb.
  6305 | D:8      | Found a stormy altar of Qazlal.
  6322 | D:8      | 6322 ||| STAIRDANCE
  6338 | D:7      | 6338 ||| INVOKING Heroism.
  6463 | D:8      | Found a shadowy altar of Dithmenos.
  6513 | D:8      | Found an opulent altar of Gozag.
  6539 | D:8      | Found a broken altar of Ashenzari.
  6634 | D:8      | 6634 ||| INVOKING Heroism.
  6637 | D:8      | 6637 ||| Stepping ~*~*~tactically~*~*~ (outnumbered).
  6813 | D:8      | Found an ornate altar of the Wu Jian Council.
  6870 | D:9      | 6870 ||| STAIRDANCE
  6881 | D:8      | Reached XP level 10. HP: 55/64 MP: 13/13
  6925 | D:9      | 6925 ||| STAIRDANCE
  7106 | D:9      | Reached skill level 12 in Ranged Weapons
  7128 | D:9      | Reached *** piety under Okawaru
  7246 | D:9      | 7246 ||| INVOKING Heroism.
  7311 | D:9      | 7311 ||| INVOKING Heroism.
  7369 | D:9      | Found Uxu Mom's Gadget Gallery.
  7404 | D:9      | Found a staircase to the Orcish Mines.
  7424 | D:9      | 7424 ||| INVOKING Heroism.
  7567 | D:9      | 7567 ||| INVOKING Heroism.
  7727 | D:9      | 7727 ||| Stepping ~*~*~tactically~*~*~ (outnumbered).
  7729 | D:9      | 7729 ||| Stepping ~*~*~tactically~*~*~ (outnumbered).
  8021 | D:9      | 8021 ||| READING scroll labelled LECIAZ KALOST.
  8033 | D:10     | Entered Level 10 of the Dungeon
  8056 | D:10     | Noticed a kobold demonologist
  8062 | D:10     | Killed a kobold demonologist
  8063 | D:10     | Reached skill level 13 in Ranged Weapons
  8125 | D:10     | Reached skill level 9 in Fighting
  8191 | D:10     | Reached **** piety under Okawaru
  8191 | D:10     | Received a gift from Okawaru
  8208 | D:10     | Reached XP level 11. HP: 59/71 MP: 14/14
  8294 | D:10     | 8294 ||| INVOKING Heroism.
  8496 | D:10     | 8496 ||| INVOKING Heroism.
  8630 | D:10     | Found a staircase to the Lair.
  8851 | D:10     | 8851 ||| PLANNING LAIR
  8851 | D:10     | 8851 ||| UPGRADING to +4 ring of protection.
  8853 | D:10     | 8853 ||| DROPPING ring of willpower.
  8874 | Lair:1   | Entered Level 1 of the Lair of Beasts
  8877 | Lair:1   | 8877 ||| STAIRDANCE
  8881 | Lair:1   | 8881 ||| STAIRDANCE
  8891 | Lair:1   | 8891 ||| STAIRDANCE
  8893 | D:10     | 8893 ||| INVOKING Heroism.
  8978 | Lair:1   | 8978 ||| INVOKING Heroism.
  8995 | Lair:1   | 8995 ||| INVOKING Heroism.
  9044 | Lair:1   | 9044 ||| INVOKING Heroism.
  9048 | Lair:1   | Reached skill level 14 in Ranged Weapons
  9053 | Lair:1   | Reached skill level 6 in Invocations
  9116 | Lair:1   | 9116 ||| INVOKING Heroism.
  9201 | Lair:1   | 9201 ||| INVOKING Heroism.
  9313 | Lair:1   | 9313 ||| INVOKING Heroism.
  9381 | Lair:1   | 9381 ||| INVOKING Heroism.
  9410 | Lair:1   | 9410 ||| INVOKING Heroism.
  9546 | Lair:1   | Reached ***** piety under Okawaru
  9555 | Lair:1   | Reached XP level 12. HP: 59/77 MP: 18/18
  9794 | Lair:1   | 9794 ||| INVOKING Heroism.
  9974 | Lair:2   | Noticed a seven-headed hydra
  9975 | Lair:2   | 9975 ||| INVOKING Heroism.
  9980 | Lair:2   | Killed a seven-headed hydra
 10032 | Lair:2   | Received a gift from Okawaru
 10109 | Lair:2   | 10109 ||| SWAPPING to +2 arbalest of freezing.
 10110 | Lair:2   | 10110 ||| DROPPING +0 orcbow of draining.
 10143 | Lair:2   | Noticed Gastronok
 10144 | Lair:2   | 10144 ||| INVOKING Heroism.
 10159 | Lair:2   | HP: 15/77 [meliai/divine providence (15)]
 10159 | Lair:2   | HP: 2/77 [meliai/divine providence (13)]
 10160 | Lair:2   | 10160 ||| READING 11 scrolls of teleportation.
 10160 | Lair:2   | Killed from afar by a meliai

Levels and vault maps discovered:
D:1:      minmay_arrival_three_doors, layout_basic,
          hellmonk_ecumenical_altar_inner_sanctum
D:2:      layout_basic, kennysheep_small_spiral
D:3:      layout_basic, bloody_trog, nicolae_uskayaw_dance_hall, serial_shops,
          shop, uniq_natasha
D:4:      layout_basic, minmay_temple_entry_wispy
D:5:      layout_basic, kennysheep_generic_room_15
D:6:      layout_cave_pools, lemuel_tele_altar, serial_gnoll_camp,
          gnoll_camp_mini_hut, gnoll_camp_huts_moat, gnoll_camp_mini_basic,
          gnoll_camp_mini_loothouse, gnoll_camp_mini_doghouse, uniq_sigmund
D:7:      layout_layer_cave, fedhas_altar_3, ebering_ghost_gozag,
          solitary_fountain
D:8:      layout_cave_pools, cheibrodos_ashenzari_chains,
          grunt_gozag_breadcrumbs, lemuel_doored_altar,
          grunt_temple_overflow_open
D:9:      layout_roguey, zombieorc2_lemuel, nicolae_shop_gadgets
D:10:     layout_loops_ring, grunt_lair_entry_orc_guard_hut
Temple:   nicolae_temple_x_marks_the_god
Lair:1:   layout_roguey, lemuel_old_faithful, infiniplex_staircase_pool
Lair:2:   layout_cave_shapes, elwin_shoals_entry_rocks,
          hellmonk_spider_entry_not_the_bees, uniq_gastronok

Skill      XL: |  1  2  3  4  5  6  7  8  9 10 11 |
---------------+----------------------------------+-----
Ranged Weapons | 5 6 7 8 9 11 13 14 | 14.4
Fighting       | 3 4 6 8 9 10 | 10.1
Dodging        | 2 3 4 5 |  5.0
Invocations    | 3 4 8 |  8.9
Armour         | 1 2 |  2.0
Stealth        | |  1.1

Action                     |  1- 3 |  4- 6 |  7- 9 | 10-12 || total
---------------------------+-------+-------+-------+-------++-------
   Fire: Shortbow          |   135 |   134 |   340 |       ||   609
         Orcbow            |       |       |   110 |   530 ||   640
         Arbalest          |       |       |       |    15 ||    15
 Invoke: Heroism           |       |       |    11 |    18 ||    29
    Use: Scroll            |    10 |     3 |     9 |     2 ||    24
         Potion            |     2 |       |     3 |       ||     5
 Armour: Leather armour    |     7 |       |       |       ||     7
         Robe              |    29 |    19 |   105 |   161 ||   314
  Dodge: Dodged            |    57 |    42 |   174 |   337 ||   610
         Repelled          |       |     6 |     2 |       ||     8
  Block: Other             |       |     7 |    63 |    99 ||   169
         Reflection        |       |     1 |     6 |       ||     7

Table legend:
 A = Non-vault XP
 B = Vault XP
 C = Vault XP percentage of total XP
 D = Non-vault monster count
 E = Vault monster count
 F = Vault count percentage of total count
                 A         B        C        D         E       F
            +---------+---------+-------+---------+---------+-------
      Total |   17941 |    2745 |  13.3 |     195 |      84 |  30.1
            +---------+---------+-------+---------+---------+-------
        D:1 |      18 |       0 |   0.0 |      12 |       0 |   0.0
        D:2 |      44 |       0 |   0.0 |      20 |       0 |   0.0
        D:3 |      49 |      32 |  39.5 |      11 |       1 |   8.3
        D:4 |     150 |       0 |   0.0 |      16 |       0 |   0.0
        D:5 |     711 |      79 |  10.0 |      13 |       2 |  13.3
        D:6 |    1130 |    1162 |  50.7 |      18 |      40 |  69.0
        D:7 |     930 |       0 |   0.0 |      15 |       0 |   0.0
        D:8 |     721 |       0 |   0.0 |      13 |       0 |   0.0
        D:9 |    1377 |    1000 |  42.1 |      27 |      36 |  57.1
       D:10 |    2976 |     472 |  13.7 |      13 |       5 |  27.8
     Lair:1 |    7861 |       0 |   0.0 |      32 |       0 |   0.0
     Lair:2 |    1974 |       0 |   0.0 |       5 |       0 |   0.0
            +---------+---------+-------+---------+---------+-------
